 Seeded DCSS version 0.30-a0-918-g0ff054e9dc (webtiles) character file.

Game seed: 15748772131455733785 (custom seed)

1669 Parcival the Cleaver (level 8, -2/58 (71) HPs)
             Began as a Minotaur Fighter on Mar 20, 2023.
             Slain by a wight
             ... wielding a +4 morningstar
              (5 damage)
             ... on level 7 of the Dungeon.
             The game lasted 00:11:39 (7069 turns).

Parcival the Cleaver (Minotaur Fighter)             Turns: 7069, Time: 00:11:40

HP:   -2/58 (71)    AC: 15    Str: 28    XL:     8   Next: 69%
MP:   7/7           EV:  7    Int:  5    God:
Gold: 347           SH:  5    Dex: 11    Spells: 7/7 levels left

rFire   . . .      SeeInvis .    j - +1 broad axe
rCold   . . .      Faith    .    c - +0 buckler
rNeg    . . .      Spirit   .    e - +1 plate armour
rPois   +          Reflect  .    (helmet restricted)
rElec   .          Rampage  .    (no cloak)
rCorr   .                        (no gloves)
Will    .....                    x - +0 pair of boots Stlth
                                 v - amulet of magic regeneration
HPRegen 0.29/turn                f - +6 ring of strength
MPRegen 0.50/turn                n - ring of poison resistance

@: heavily drained
A: horns 2, retaliatory headbutt
a: no special abilities


You were on level 7 of the Dungeon.
You visited 2 branches of the dungeon, and saw 8 of its levels.

You collected 347 gold pieces.

Inventory:

Hand Weapons
 j - a +1 broad axe (weapon)
Armour
 c - a +0 buckler (worn)
 e - a +1 plate armour (worn)
 x - a +0 pair of boots (worn)
Jewellery
 f - a +6 ring of strength (left hand)
 n - a ring of poison resistance (right hand)
 v - an amulet of magic regeneration (around neck)
 w - a ring of willpower
Wands
 m - a wand of mindburst (13)
 r - a wand of polymorph (9)
 C - a wand of flame (22)
Scrolls
 g - 4 scrolls of fog
 p - 2 scrolls of immolation
 u - 2 scrolls of blinking
 z - 3 scrolls of noise
 A - 2 scrolls of silence
 E - a scroll of poison
Potions
 h - a potion of brilliance
 i - 2 potions of mutation
 k - a potion of heal wounds
 l - 4 potions of lignification
 o - a potion of attraction {unknown}
 t - 2 potions of curing


   Skills:
 + Level 6.9 Fighting
 + Level 8.9(9.1) Axes
 + Level 2.9(6.3) Maces & Flails
 + Level 7.3 Armour
 + Level 0.7 Dodging
 + Level 0.1 Stealth
 + Level 5.3 Shields


You had 7 spell levels left.
You didn't know any spells.
Your spell library contained the following spells:

 Spells                   Type           Power      Damage    Failure   Level
 Ignite Poison            Fire/Tmut/Pois 0%         N/A       100%        3
 Kindle Blastsparks       Fire/Tloc/Air  0%         2d10      100%        3
 Freezing Cloud           Conj/Ice/Air   0%         6-21      100%        5


Dungeon Overview and Level Annotations

Branches:
Dungeon (7/15)             Temple (1/1) D:4

Altars:
Ashenzari
Cheibriados
Dithmenos
Elyvilon
Fedhas
Gozag
Hepliaklqana
Kikubaaqudgha
Makhleb
Nemelex Xobeh
Okawaru
Ru
Sif Muna
Trog
Uskayaw
Vehumet
Wu Jian
Xom
Yredelemnul
Zin
The Shining One

Shops:
D:5 =


Innate Abilities, Weirdness & Mutations

You have a pair of horns on your head.
You reflexively headbutt those who attack you in melee.


Message History

a +2 scimitar of freezing; a +0 robe You completely miss the wight.
The wight hits you but does no damage.
The wight hits you from afar with a +5 spear.
You feel drained.
You hit the wight but do no damage. The wight barely misses you.
The wight hits you but does no damage. The wight closely misses you.
You furiously retaliate!
You headbutt the wight! The wight hits you but does no damage.
The wight hits you with a +4 morningstar!
You barely miss the wight.
The wight is severely damaged.
You closely miss the wight.
The wight hits you with a +4 morningstar!
The wight hits you with a +5 spear.
You feel drained.
You barely miss the wight.
The wight is severely damaged.
You hit the wight. You block the wight's attack.
The wight hits you but does no damage.
You barely miss the wight.
The wight is severely damaged.
You closely miss the wight. The wight barely misses you.
The wight hits you with a +5 spear!
You feel drained.
* * * LOW HITPOINT WARNING * * *
You hit the wight but do no damage.
The wight is severely damaged.
You barely miss the wight. You block the wight's attack.
The wight hits you with a +5 spear.
* * * LOW HITPOINT WARNING * * *
You feel drained.
You closely miss the wight.
The wight is severely damaged.
You hit the wight. You block the wight's attack.
The wight hits you but does no damage.
You slash the wight!
You destroy the wight!
You hit the wight but do no damage.
The wight hits you with a +4 morningstar!
* * * LOW HITPOINT WARNING * * *
You feel drained.
You die...

#### #.. ###.#### #
###########...... .≈
#...<.........####.≈≈
####.#########>......≈≈≈
.....# #.......z...##≈≈≈
(..#.# #.##.##.)@).#
.#)#.###........#...≈≈≈≈
.............##.#..#≈≈≈≈
#.##............#..#≈≈≈≈
#.##..88888888...... ≈≈≈
#.##..8888.888......≈ ≈≈
..................##.≈
..........8.....#.# .#.
....#.....8.....


You could see a wight.

Vanquished Creatures
  Grinder (D:6)
  A water moccasin (D:5)
  A black bear (D:6)
  2 ogres
  The ghost of bobarctor the Grave Robber, an amateur DsNe (D:3)
  A phantom (D:5)
  A gnoll sergeant (D:3)
  2 scorpions
  2 wights (D:7)
  2 howler monkeys (D:5)
  A crimson imp (D:5)
  2 hounds
  2 jellies
  A gnoll bouda (D:5)
  5 iguanas
  An orc wizard (D:4)
  A sleepcap (D:6)
  3 adders (D:2)
  10 gnolls
  2 white imps
  3 worms
  4 dart slugs
  22 orcs
  13 endoplasms
  5 giant cockroaches
  6 goblins
  6 hobgoblins
  15 jackals
  4 quokkas
  11 ball pythons
  2 bats
  4 frilled lizards
  7 kobolds
  5 rats
149 creatures vanquished.

Vanquished Creatures (others)
  4 plants (D:4)
4 creatures vanquished.

Grand Total: 153 creatures vanquished

Notes
Turn   | Place    | Note
-------+----------+-------------------------------------------
     0 | D:1      | Parcival the Minotaur Fighter began the quest for the Orb.
     0 | D:1      | Reached XP level 1. HP: 19/19 MP: 0/0
   259 | D:1      | Reached XP level 2. HP: 25/27 MP: 1/1
   925 | D:2      | Reached XP level 3. HP: 33/33 MP: 2/2
  1087 | D:2      | Reached skill level 1 in Axes
  1261 | D:2      | Reached skill level 2 in Axes
  1335 | D:2      | Reached XP level 4. HP: 36/40 MP: 3/3
  1695 | D:2      | Reached skill level 3 in Axes
  1799 | D:2      | Found a faded altar of an unknown god.
  2126 | D:3      | Found a runed translucent door.
  2269 | D:3      | Reached XP level 5. HP: 47/47 MP: 4/4
  2596 | D:3      | Reached skill level 4 in Axes
  2727 | D:3      | You fall into a shaft and drop 3 floors!
  2839 | D:6      | Reached XP level 6. HP: 51/53 MP: 5/5
  2853 | D:6      | Reached skill level 5 in Armour
  3003 | D:6      | Found a snail-covered altar of Cheibriados.
  3006 | D:6      | Found a shadowy altar of Dithmenos.
  3008 | D:6      | Found a glowing golden altar of the Shining One.
  3013 | D:6      | Reached skill level 5 in Axes
  3089 | D:6      | Reached skill level 5 in Fighting
  3164 | D:6      | Found a sacrificial altar of Ru.
  3211 | D:6      | Reached skill level 6 in Axes
  3211 | D:6      | Reached XP level 7. HP: 61/61 MP: 6/6
  3215 | D:5      | Entered Level 5 of the Dungeon
  3238 | D:5      | Found a radiant altar of Vehumet.
  3856 | D:3      | Noticed bobarctor's ghost (amateur DsNe)
  3873 | D:3      | Killed bobarctor's ghost
  4143 | D:4      | Found a staircase to the Ecumenical Temple.
  4305 | D:4      | Found a white marble altar of Elyvilon.
  4494 | D:4      | Reached skill level 7 in Axes
  4960 | Temple   | Entered the Ecumenical Temple
  5390 | D:5      | Found a blossoming altar of Fedhas.
  5494 | D:5      | Reached XP level 8. HP: 54/70 MP: 7/7
  5516 | D:5      | Reached skill level 8 in Axes
  5591 | D:5      | Found an iron altar of Okawaru.
  5592 | D:5      | Found a broken altar of Ashenzari.
  5654 | D:5      | Found a shimmering altar of Xom.
  5654 | D:5      | Found a burning altar of Makhleb.
  5789 | D:5      | Found Feloij's Jewellery Emporium.
  6305 | D:6      | Noticed Grinder
  6308 | D:6      | Reached skill level 5 in Shields
  6325 | D:6      | Killed Grinder
  6326 | D:6      | HP: 1/71 [orc/+6 short sword (4)]
  6815 | D:6      | Found a shimmering blue altar of Sif Muna.
  6819 | D:6      | Found an ancient bone altar of Kikubaaqudgha.
  6895 | D:7      | Found an ornate altar of the Wu Jian Council.
  7069 | D:7      | HP: 3/60 [wight/+4 morningstar (11)]
  7069 | D:7      | Slain by a wight

Illustrated notes

Levels and vault maps discovered:
D:1:      dpeg_arrival_brainrot, layout_basic, hangedman_decor_growths,
          minmay_misc_feat_rugged, nicolae_titane
D:2:      minmay_recursive_quarters, layout_basic,
          dreamdust_ecumenical_altar_sealed_demon, serial_glass,
          glass_columns_c, glass_columns_a, hex_tiny
D:3:      layout_basic, ebering_ghost_reflecting_pool,
          minmay_misc_feat_four_crosses
D:4:      layout_loops_corners, mainiacjoe_overflow_chevrons,
          minmay_temple_entry_waves, minmay_misc_feat_plants
D:5:      layout_loops_cross, cheibrodos_ashenzari_chains, vehumet_crystals,
          mainiacjoe_overflow_brackets, amcnicky_altar_gilded,
          grunt_temple_overflow_champion_of_chaos, serial_shops,
          nicolae_shop_advertising_works [nicolae_subvault_shop_adworks],
          kennysheep_generic_room_10
D:6:      layout_cave_pools, minmay_overflow_temple_star_hex,
          hangedman_ru_absence, roderic_serpentine_path, uniq_grinder
D:7:      black_bear_nest_1, layout_loops_ring,
          mainiacjoe_overflow_tiny_flanked, minmay_misc_feat_five,
          hangedman_decor_riveting, hellmonk_bongcloud_opening,
          minmay_door_square, centaur_isle
Temple:   nicolae_temple_bog_church

Skill      XL: |  1  2  3  4  5  6  7  8 |
---------------+-------------------------+-----
Armour         | 4 5 6 7 |  7.3
Fighting       | 4 5 6 |  6.9
Axes           | 2 3 4 6 7 8 |  8.9
Shields        | 4 5 |  5.3
Maces & Flails | |  2.9
Dodging        | |  0.7
Stealth        | |  0.1

Action                     |  1- 3 |  4- 6 |  7- 9 || total
---------------------------+-------+-------+-------++-------
  Melee: Flail             |    30 |       |       ||    30
         Headbutt          |    10 |    17 |    28 ||    55
         Broad axe         |    35 |    83 |   160 ||   278
    Use: Scroll            |       |     5 |    12 ||    17
         Potion            |       |     1 |       ||     1
 Armour: Plate armour      |    43 |    87 |    91 ||   221
         Scale mail        |     3 |       |       ||     3
  Dodge: Dodged            |    26 |    43 |    56 ||   125
  Block: Buckler           |    23 |    21 |    47 ||    91

Table legend: (Time is in decaauts)
 A = Elapsed time spent in this place.
 B = Non-inter-level travel time spent in this place.
 C = Inter-level travel time spent in this place.
 D = Time resting spent in this place.
 E = Time spent auto-exploring this place.
 F = Levels seen in this place.
 G = Mean time per level.
                   A        B        C        D        E       F      G
               +--------+--------+--------+--------+--------+-----+--------+
         Total |   7189 |   6713 |    476 |    357 |   5071 |   8 |  898.6 |
       Dungeon |   6987 |   6523 |    464 |    357 |   4891 |   7 |  998.1 |
        Temple |    201 |    189 |     12 |      0 |    180 |   1 |  201.0 |
               +--------+--------+--------+--------+--------+-----+--------+

Top non-repeatable levels by time:
     D:3: 1319 daAuts
     D:4: 1215 daAuts
     D:6: 1154 daAuts
     D:5: 1137 daAuts
     D:2: 1065 daAuts
     D:1: 919 daAuts
  Temple: 201 daAuts
     D:7: 176 daAuts
